 Dungeon Crawl Stone Soup version 0.29-a0-520-gc852659 (webtiles) character file.

Game seed: 7167511463364939112

1694 Illumine the Carver (level 8, -2/74 HPs)
             Began as a Troll Cinder Acolyte on May 31, 2022.
             Was a High Priest of Ignis.
             Slain by an orc priest
             ... wielding a +0 club
              (3 damage)
             ... on level 6 of the Dungeon.
             The game lasted 00:08:07 (4932 turns).

Illumine the Carver (Troll Cinder Acolyte)          Turns: 4932, Time: 00:08:08

Health: -2/74      AC:  4    Str: 25    XL:     8   Next: 72%
Magic:  8/8        EV:  9    Int: 10    God:    Ignis [*****.]
Gold:   316        SH:  0    Dex:  5    Spells: 9/9 levels left

rFire   + . .      SeeInvis .   m - +7 Throatcutter {drain, coup de grace}
rCold   . . .      Faith    .   (no shield)
rNeg    . . .      Spirit   .   b - +0 robe
rPois   +          Reflect  .   (helmet restricted)
rElec   .          Harm     .   (no cloak)
rCorr   .          Rampage  .   (gloves unavailable)
Will    .....                   (boots unavailable)
Stlth   +.........              (no amulet)
HPRegen 1.02/turn               i - ring of poison resistance
MPRegen 0.11/turn               (no ring)

@: no status effects
A: large, unfitting armour, claws 3, regeneration 1, shaggy fur 1, tough skin 1
a: Renounce Religion, Fiery Armour, Foxfire Swarm, Rising Flame


You were on level 6 of the Dungeon.
You worshipped Ignis.
Ignis was extremely pleased with you.
You visited 1 branch of the dungeon, and saw 7 of its levels.

You collected 316 gold pieces.

Inventory:

Hand Weapons
 a - a -1 hand axe of flaming
 j - a +0 broad axe
 m - the +7 Throatcutter (weapon) {drain, coup de grace}
   (You took it off Terence on level 2 of the Dungeon)

   A truly terrible weapon, it drains the life of any living foe it strikes.
   It may instantly kill foes which have little health.
Missiles
 q - 2 boomerangs (quivered)
Armour
 b - a +0 robe (worn)
 c - a +0 kite shield
Jewellery
 i - a ring of poison resistance (left claw)
 k - a ring of flight
Scrolls
 l - 2 scrolls of vulnerability
 n - 2 scrolls of fear
 o - a scroll of teleportation
 r - a scroll of summoning
 u - a scroll of amnesia {unknown}
 v - a scroll of enchant weapon {unknown}
 y - a scroll of acquirement {unknown}
 z - a scroll of brand weapon {unknown}
Potions
 d - 2 potions of might
 e - 3 potions of flight
 f - 2 potions of cancellation
 g - a potion of resistance {unknown}
 h - a potion of haste {unknown}
 p - 3 potions of curing
 s - a potion of invisibility {unknown}
 t - a potion of magic {unknown}
 w - a potion of attraction {unknown}
 x - 2 potions of mutation


   Skills:
 + Level 2.7 Fighting
 * Level 8.2 Long Blades
 - Level 3.0 Axes
 + Level 2.9 Shields
 - Level 2.2 Unarmed Combat
 - Level 1.0 Spellcasting
 - Level 2.1 Fire Magic


You had 9 spell levels left.
You didn't know any spells.
Your spell library contained the following spells:

 Spells                   Type           Power      Damage    Failure   Level
 Scorch                   Fire           8%         2d5       22%         2
 Freeze                   Ice            0%         1d3       34%         1
 Frozen Ramparts          Ice            0%         1d2       71%         3
 Hailstorm                Conj/Ice       0%         3d3       98%         4


Dungeon Overview and Level Annotations

Branches:
Dungeon (7/15)
 Temple: D:4-7

Altars:
Dithmenos
Gozag
Nemelex Xobeh
Ru
Vehumet
Wu Jian
Zin

Shops:
D:2 !   D:3 [

Annotations:
D:4 Menkaure
D:5 1 runed translucent door, Crazy Yiuf
D:7 Maggie


Innate Abilities, Weirdness & Mutations

You are too large for most types of armour.
You have claws for hands.
Your natural rate of healing is unusually fast.
You are covered in fur. (AC +1)
You have tough skin. (AC +1)


Message History

You are mesmerised by Maggie!
You break out of your daze!
There is a stone staircase leading up here.
You climb upwards.
There is a stone staircase leading down here.
There is a stone staircase leading up here.
You see here 6 stones.
There is a stone staircase leading down here.
You climb downwards.
Level annotation: Maggie The orc warrior shouts!
The orc shouts! x2; The orc priest shouts!
The orc warrior hits you from afar with a +0 glaive!!
The orc barely misses you. The orc warrior closely misses you.
The orc hits you with a +0 falchion!
The orc priest miscasts a cantrip.
There is a stone staircase leading up, spattered with blood here.
The orc barely misses you. The orc priest hits you with a +0 club.
The orc warrior hits you from afar with a +0 glaive!!
* * * LOW HITPOINT WARNING * * *
You climb upwards.
There is a stone staircase leading down here.
Unknown command.
You hit the orc priest.
The orc priest is lightly wounded.
The orc hits you with a +0 falchion.
* * * LOW HITPOINT WARNING * * *
The orc priest invokes the aid of Beogh against you.
Pain shoots through your body!
* * * LOW HITPOINT WARNING * * *
You closely miss the orc priest.
The orc priest is lightly wounded.
The orc hits you but does no damage. The orc priest hits you with a +0 club.
* * * LOW HITPOINT WARNING * * *
Unknown command.
You hit the orc priest. You drain the orc priest.
The orc priest is almost dead.
The orc hits you with a +0 falchion.
* * * LOW HITPOINT WARNING * * *
The orc priest hits you with a +0 club.
You die...

# ########.# # #.#
############## #.#
.............# #.#
.)....######.########.#
.####.###.............# )#
#.....#####.#####.## .#
#..##.# #o####.#.##
.####.....# #o@...###.#
.......##.# #..###.#.###
.###...##.#####..# ##(...#
.............^...# #.##.#
####...###.#####.# #.##.#
.........#.#####.####.##.#
##
####.#.#.#...............#
#. #.#...#####.##.#####..#
#. #.##..# ##.##.# #..# #.


You could see an orc priest (very drained) and an orc.

Vanquished Creatures
  Sigmund (D:5)
  A water moccasin (D:6)
  An ice beast (D:6)
  An ogre (D:6)
  A phantom (D:4)
  3 scorpions
  2 kobold brigands (D:6)
  3 necrophages
  A howler monkey (D:4)
  3 hounds
  A jelly (D:5)
  An orc priest (D:6)
  Terence (D:2)
  2 orc wizards
  6 iguanas
  3 gnolls (D:2)
  8 adders
  A shadow imp (D:5)
  2 ufetubi (D:6)
  6 dart slugs
  24 orcs
  7 endoplasms
  4 giant cockroaches
  6 goblins
  5 hobgoblins
  5 jackals (D:1)
  15 kobolds
  6 quokkas
  6 ball pythons
  7 bats
  2 frilled lizards
  3 rats
138 creatures vanquished.

Vanquished Creatures (others)
  An orc (D:7)
  23 foxfires (D:2)
24 creatures vanquished.

Grand Total: 162 creatures vanquished

Notes
Turn   | Place    | Note
-------+----------+-------------------------------------------
     0 | D:1      | Illumine the Troll Cinder Acolyte began the quest for the
                  | Orb.
     0 | D:1      | Reached XP level 1. HP: 22/22 MP: 1/1
   110 | D:1      | Reached skill level 1 in Unarmed Combat
   121 | D:1      | Reached XP level 2. HP: 29/29 MP: 2/2
   281 | D:1      | Reached skill level 1 in Shields
   463 | D:1      | Reached XP level 3. HP: 36/36 MP: 3/3
   954 | D:2      | Noticed Terence
   969 | D:2      | Killed Terence
   970 | D:2      | Reached XP level 4. HP: 37/44 MP: 4/4
  1258 | D:2      | Found Coaxkarphu's Distillery.
  1362 | D:2      | Reached skill level 1 in Long Blades
  1827 | D:3      | Reached XP level 5. HP: 50/50 MP: 5/5
  2226 | D:3      | Found Saixiosm's Armour Shop.
  2680 | D:4      | Reached skill level 2 in Long Blades
  2707 | D:4      | Found an ornate altar of the Wu Jian Council.
  2954 | D:4      | Reached skill level 3 in Long Blades
  2956 | D:4      | Reached XP level 6. HP: 50/59 MP: 6/6
  3017 | D:4      | Reached skill level 4 in Long Blades
  3102 | D:4      | Noticed Menkaure
  3216 | D:5      | Entered Level 5 of the Dungeon
  3241 | D:5      | Reached XP level 7. HP: 65/66 MP: 7/7
  3279 | D:5      | Reached skill level 5 in Long Blades
  3305 | D:5      | Found a radiant altar of Vehumet.
  3317 | D:5      | Found an opulent altar of Gozag.
  3369 | D:5      | Noticed Sigmund
  3376 | D:5      | Killed Sigmund
  3377 | D:5      | Reached skill level 6 in Long Blades
  3567 | D:5      | Found a sacrificial altar of Ru.
  3602 | D:5      | Found a sparkling altar of Nemelex Xobeh.
  3793 | D:5      | Found a runed translucent door.
  3794 | D:5      | Noticed Crazy Yiuf
  3869 | D:5      | Found a glowing silver altar of Zin.
  4001 | D:6      | Reached XP level 8. HP: 61/74 MP: 8/8
  4078 | D:6      | Reached skill level 7 in Long Blades
  4497 | D:6      | Found a shadowy altar of Dithmenos.
  4546 | D:6      | Reached skill level 8 in Long Blades
  4892 | D:7      | Noticed Maggie
  4932 | D:6      | HP: 1/74 [orc/+0 falchion (5)]
  4932 | D:6      | Slain by an orc priest

Illustrated notes

Levels and vault maps discovered:
D:1:      minmay_arrival_stone_box, layout_loops_corners, minmay_tromino_v7
D:2:      layout_basic, serial_shops, nicolae_shop_hallway_stairs, uniq_terence
D:3:      layout_loops_corners, serial_rivers, chequers_serial_rivers_micro_e,
          chequers_serial_rivers_large_a, chequers_serial_rivers_small_a,
          chequers_serial_rivers_micro_d, serial_shops, shop
D:4:      cheibrodos_barr_body, layout_basic, trog_book,
          nicolae_wu_jian_wuxing_cycle, minmay_temple_entry_poolview,
          biasface_ghost_orc_armoury, minmay_pentangle, uniq_menkaure, uniq_ijyb
D:5:      layout_rooms, mainiacjoe_overflow_large_starburst,
          nicolae_overflow_crystal_walls, nicolae_ru_path_of_blood,
          zin_statuary, uniq_crazy_yiuf_cottage, uniq_sigmund
D:6:      layout_loops_ring, nicolae_dithmenos_through_a_glass_darkly
D:7:      layout_loops_ring, grunt_temple_overflow_holy_war,
          lemuel_mausoleum_altar_kikubaaqudgha, solitary_fountain, uniq_maggie

Skill      XL: |  1  2  3  4  5  6  7  8 |
---------------+-------------------------+-----
Unarmed Combat | 1 2 |  2.2
Shields        | 1 2 |  2.9
Axes           | 3 |  3.0
Long Blades    | 1 3 4 6 8 |  8.2
Fighting       | |  2.7
Spellcasting   | |  1.0
Fire Magic     | |  2.1

Action                   |  1- 3 |  4- 6 |  7- 9 || total
-------------------------+-------+-------+-------++-------
Melee: Unarmed           |   102 |       |       ||   102
       Broad axe         |    25 |       |       ||    25
       Long sword        |       |   109 |   156 ||   265
       Punch             |       |       |     3 ||     3
Invok: Foxfire Swarm     |     1 |       |       ||     1
  Use: Scroll            |       |       |     8 ||     8
Armor: Robe              |    69 |    24 |    36 ||   129
Dodge: Dodged            |    88 |    49 |    73 ||   210

Table legend: (Time is in decaauts)
 A = Elapsed time spent in this place.
 B = Non-inter-level travel time spent in this place.
 C = Inter-level travel time spent in this place.
 D = Time resting spent in this place.
 E = Time spent auto-exploring this place.
 F = Levels seen in this place.
 G = Mean time per level.
                   A        B        C        D        E       F      G
               +--------+--------+--------+--------+--------+-----+--------+
         Total |   4999 |   4705 |    294 |    166 |   3394 |   7 |  714.1 |
       Dungeon |   4999 |   4705 |    294 |    166 |   3394 |   7 |  714.1 |
               +--------+--------+--------+--------+--------+-----+--------+

Top non-repeatable levels by time:
     D:3: 1034 daAuts
     D:1: 918 daAuts
     D:6: 803 daAuts
     D:2: 775 daAuts
     D:5: 771 daAuts
     D:4: 544 daAuts
     D:7: 151 daAuts
